 Dungeon Crawl Stone Soup version 0.28.0 (webtiles) character file.

Game seed: 5830373571969154056

7460 zazu2006 the Thaumaturge (level 11, -1/93 HPs)
             Began as a Naga Hedge Wizard on Feb 8, 2022.
             Was a Follower of Vehumet.
             Killed from afar by an orc wizard (9 damage)
             ... with a magic dart
             ... on level 11 of the Dungeon on Feb 9, 2022.
             The game lasted 00:28:10 (14076 turns).

zazu2006 the Thaumaturge (Naga Hedge Wizard)       Turns: 14076, Time: 00:28:11

Health: -1/93      AC: 11    Str: 20    XL:     11   Next: 15%
Magic:  17/23      EV: 24    Int: 17    God:    Vehumet [*.....]
Gold:   523        SH:  0    Dex: 11    Spells: 17/26 levels left

rFire   . . .      SeeInvis +   i - +2 long sword (flame)
rCold   . . .      Faith    .   (no shield)
rNeg    . . .      Spirit   .   B - +0 swamp dragon scales
rPois   +          Reflect  .   M - +0 helmet
rElec   .          Harm     .   L - +0 cloak
rCorr   .          Rampage  .   (no gloves)
Will    +....                   (no barding)
Stlth   +++.......              j - amulet of the acrobat
HPRegen 0.25/turn               y - +6 ring of strength
MPRegen 0.18/turn               w - ring of wizardry

@: acrobatic, very slow
A: AC +3, large, see invisible, deformed body, poison resistance, slowness 2,
spit poison 1, naga tail 1
a: Spit Poison, Renounce Religion


You were on level 11 of the Dungeon.
You worshipped Vehumet.
Vehumet was aware of your devotion.
You visited 2 branches of the dungeon, and saw 12 of its levels.

You collected 523 gold pieces.

Inventory:

Hand Weapons
 i - a +2 long sword of flaming (weapon)
Missiles
 o - 21 atropa-tipped darts
Armour
 c - a +0 hat
 B - +0 swamp dragon scales (worn)
 L - a +0 cloak (worn)
 M - a +0 helmet (worn)
 P - +0 steam dragon scales
Jewellery
 d - a ring of flight
 j - an amulet of the acrobat (around neck)
 s - an amulet of regeneration
 w - a ring of wizardry (right hand)
 y - a +6 ring of strength (left hand)
 C - a ring of magical power
Wands
 k - a wand of flame (4)
 t - a wand of polymorph (5)
 x - a wand of iceblast (16)
Scrolls
 b - 5 scrolls of enchant weapon {unknown}
 f - a scroll of holy word {unknown}
 h - a scroll of immolation {unknown}
 m - a scroll of teleportation
 n - a scroll of amnesia {unknown}
 q - 3 scrolls of enchant armour
 A - 2 scrolls of fog {unknown}
 D - a scroll of magic mapping {unknown}
 E - 5 scrolls of fear {unknown}
 I - a scroll of vulnerability {unknown}
 N - a scroll of brand weapon {unknown}
 O - a scroll of noise {unknown}
Potions
 a - 2 potions of resistance
 e - a potion of cancellation {unknown}
 g - a potion of lignification {unknown}
 l - a potion of haste {unknown}
 p - 4 potions of curing
 r - a potion of brilliance {unknown}
 u - 2 potions of ambrosia
 v - a potion of flight {unknown}
 z - 3 potions of heal wounds
 F - a potion of mutation {unknown}
 G - a potion of degeneration {unknown}
 H - a potion of might {unknown}
 K - a potion of berserk rage


   Skills:
 + Level 4.9 Fighting
 + Level 6.7 Long Blades
 + Level 0.4 Throwing
 + Level 4.5 Armour
 + Level 3.4 Dodging
 + Level 6.7 Stealth
 + Level 8.2 Spellcasting
 + Level 6.2 Conjurations
 + Level 1.0 Summonings
 + Level 2.0 Translocations
 + Level 1.1 Fire Magic
 + Level 2.6 Air Magic
 + Level 6.0 Poison Magic
 + Level 1.8 Evocations


You had 17 spell levels left.
You knew the following spells:

 Your Spells              Type           Power      Damage    Failure   Level
a - Magic Dart            Conj           100%       1d8       1%          1
b - Mephitic Cloud        Conj/Pois/Air  24%        N/A       2%          3
c - Conjure Flame         Conj/Fire      19%        6-21      4%          3
d - Blink                 Tloc           26%        N/A       4%          2

Your spell library contained the following spells:

 Spells                   Type           Power      Damage    Failure   Level
 Freeze                   Ice            28%        1d5       7%          1
 Slow                     Hex            28%        N/A       7%          1
 Call Imp                 Summ           10%        N/A       7%          2
 Sublimation of Blood     Necr           7%         N/A       11%         2
 Wereblood                Tmut           7%         N/A       11%         2
 Summon Hydra             Summ           5%         N/A       100%        7


Dungeon Overview and Level Annotations

Branches:
Dungeon (11/15)            Temple (1/1) D:5
   Lair: D:8-11         Orc: D:9-12

Altars:
Ashenzari
Cheibriados
Dithmenos
Elyvilon
Fedhas
Kikubaaqudgha
Nemelex Xobeh
Okawaru
Qazlal
Ru
Sif Muna
Trog
Vehumet
Wu Jian
Xom
Yredelemnul
Zin
The Shining One
Jiyva

Annotations:
D:6 3 runed translucent doors, vvl's ghost, novice DsVM


Innate Abilities, Weirdness & Mutations

Your serpentine skin is tough. (AC +3)
You have supernaturally acute eyesight. (SInv)
Armour fits poorly on your strangely shaped body.
Your system is resistant to poisons. (rPois)
You cover ground very slowly.
You can spit poison.
You have a snake-like lower body.


Message History

You feel less confused.
The centaur shouts!
The centaur wields a +0 shortbow.
The centaur shoots an arrow.
The arrow hits you.
The centaur wields a +0 shortbow.
The centaur shoots an arrow.
The arrow hits you but does no damage.
The centaur shoots an arrow.
The arrow completely misses you. The troll bites you!
* * * LOW HITPOINT WARNING * * *
The troll completely misses you. The troll closely misses you.
You hear a shout!
Casting: Blink (safe; 4% risk of failure)
Confirm with . or Enter, or press ? or * to list all spells.
Aiming: Mephitic Cloud (mildly dangerous; 2% risk of failure)
Press: ? - help, Shift-Dir - straight line, f - troll
Aim: a troll (chance to affect: 67%)
The ball explodes into a vile cloud!
The stinking cloud engulfs the troll but does no damage.
The stinking cloud engulfs you but does no damage.
The stinking cloud engulfs the orc but does no damage.
You hear a bellow! x2
The centaur shoots an arrow.
The arrow hits you.
* * * LOW HITPOINT WARNING * * *
The centaur shoots an arrow.
The arrow hits you.
* * * LOW HITPOINT WARNING * * *
The orc is engulfed in noxious fumes.
The orc appears confused.
The troll is engulfed in noxious fumes.
The troll barely misses you.
The troll claws you but does no damage. x2; An orc wizard opens the door.
You hear a shout!
Unknown command.
Unknown command.
The centaur shoots an arrow.
The arrow completely misses you. The scorpion stings you.
* * * LOW HITPOINT WARNING * * *
The centaur shoots an arrow.
The arrow hits you.
* * * LOW HITPOINT WARNING * * *
The orc is engulfed in noxious fumes.
The orc appears confused.
The orc barely misses the orc wizard.
The orc wizard points at you and mumbles some strange words.
The magic dart hits you!
You die...

≈≈≈c.# ..#. ≈≈≈≈c#
..#o ≈≈≈≈.# .....
#+# ≈≈≈≈.## ..P..
.. ≈≈≈≈≈.. .P..P.
#. .≈≈≈≈≈≈
.PP...##'##...≈≈≈≈
sPPP..oooT○..!....
#.P....☼@[..##$+.
#...P...s...+
#P.P........#
#...P.......#
P.P.P........#
...P.........#
P...P.#'######
.P..(##.. ..## ##


You could see a troll, a centaur, a scorpion, an orc wizard (invisible) and 2
orcs.

Vanquished Creatures
  2 two-headed ogres (D:9)
  A manticore (D:11)
  Maurice (D:8)
  A centaur zombie (D:10)
  An unseen horror (D:10)
  Maggie (D:8)
  2 polar bears (D:10)
  Grinder (D:4)
  Prince Ribbit (D:7)
  2 wraiths
  Eustachio (D:4)
  A wyvern (D:9)
  3 steam dragons
  Menkaure (D:7)
  An acid dragon (D:10)
  A water moccasin (D:7)
  3 orc warriors
  3 black bears
  An ice beast (D:6)
  3 ogres
  2 necrophages
  2 centaurs
  A phantom (D:4)
  A scorpion (D:6)
  2 wyvern skeletons (D:7)
  A water moccasin skeleton (D:5)
  3 wights (D:9)
  3 howler monkeys
  2 hounds
  2 bullfrog skeletons
  6 orc priests
  A gnoll shaman (D:6)
  5 iguanas
  5 orc wizards
  3 howler monkey skeletons
  2 howler monkey zombies (D:7)
  4 adders
  7 gnolls
  A shadow imp (D:8)
  3 white imps
  An ufetubus (D:7)
  A worm (D:3)
  A dart slug (D:4)
  42 orcs
  6 bats
  8 endoplasms
  3 giant cockroaches
  10 goblins
  3 hobgoblins
  4 kobolds
  3 quokkas
  6 ball pythons
  4 frilled lizards
  2 rats
181 creatures vanquished.

Vanquished Creatures (others)
  A fungus (D:11)
  4 plants
  7 withered plants (D:7)
12 creatures vanquished.

Grand Total: 193 creatures vanquished

Notes
Turn   | Place    | Note
-------+----------+-------------------------------------------
     0 | D:1      | zazu2006 the Naga Hedge Wizard began the quest for the Orb.
     0 | D:1      | Reached XP level 1. HP: 15/15 MP: 4/4
   256 | D:1      | Reached XP level 2. HP: 22/22 MP: 3/6
  1362 | D:2      | Reached skill level 4 in Spellcasting
  1362 | D:2      | Reached XP level 3. HP: 28/28 MP: 1/8
  1691 | D:2      | Found a faded altar of an unknown god.
  2323 | D:3      | Found a sparkling altar of Nemelex Xobeh.
  2393 | D:3      | Reached XP level 4. HP: 21/36 MP: 3/10
  2667 | D:3      | Learned a level 3 spell: Mephitic Cloud
  2671 | D:3      | Learned a level 3 spell: Conjure Flame
  2674 | D:3      | Learned a level 2 spell: Blink
  3484 | D:3      | Reached XP level 5. HP: 42/42 MP: 9/12
  3502 | D:3      | Reached skill level 1 in Poison Magic
  3843 | D:4      | Noticed Grinder
  3883 | D:4      | Noticed a black bear
  3905 | D:3      | Killed a black bear
  3906 | D:3      | Reached skill level 1 in Armour
  3906 | D:3      | Reached skill level 5 in Spellcasting
  3906 | D:3      | Reached XP level 6. HP: 24/49 MP: 4/13
  4833 | D:4      | Noticed Eustachio
  4846 | D:4      | Found a glowing golden altar of the Shining One.
  4865 | D:4      | Noticed a necrophage
  4874 | D:4      | Found a shadowy altar of Dithmenos.
  4887 | D:4      | Killed a necrophage
  4888 | D:4      | Reached XP level 7. HP: 37/56 MP: 6/14
  4963 | D:4      | Killed Grinder
  4964 | D:4      | Reached skill level 1 in Fighting
  5011 | D:4      | Reached skill level 1 in Air Magic
  5011 | D:4      | Reached skill level 1 in Evocations
  5411 | D:4      | Reached skill level 1 in Long Blades
  5411 | D:4      | Reached XP level 8. HP: 57/64 MP: 3/16
  5523 | D:4      | Killed Eustachio
  5780 | D:4      | Reached skill level 5 in Poison Magic
  6064 | D:5      | Entered Level 5 of the Dungeon
  6141 | D:5      | Found a staircase to the Ecumenical Temple.
  6159 | Temple   | Entered the Ecumenical Temple
  6199 | Temple   | Became a worshipper of Vehumet
  7296 | D:5      | Reached skill level 6 in Spellcasting
  7724 | D:6      | Noticed a troll
  7727 | D:6      | Identified the +2 quarterstaff "Dogameyg" {protect, Dex+6}
  7779 | D:6      | Found a runed translucent gate.
  7779 | D:6      | Found a runed translucent gate.
  7786 | D:6      | Noticed vvl's ghost (novice DsVM)
  7788 | D:6      | Found a runed translucent gate.
  7948 | D:6      | Reached XP level 9. HP: 74/74 MP: 10/18
  8780 | D:7      | Noticed Prince Ribbit
  8789 | D:7      | Killed Prince Ribbit
  8960 | D:7      | Found a blossoming altar of Fedhas.
  8961 | D:7      | Found an ancient bone altar of Kikubaaqudgha.
  9017 | D:7      | Reached * piety under Vehumet
  9017 | D:7      | Offered knowledge of Freeze by Vehumet.
  9275 | D:7      | Noticed Menkaure
  9283 | D:7      | Killed Menkaure
  9469 | D:7      | Reached skill level 5 in Conjurations
  9934 | D:8      | Noticed Maggie
  9945 | D:8      | Killed Maggie
  9946 | D:8      | Reached skill level 5 in Stealth
  9946 | D:8      | Reached skill level 7 in Spellcasting
 10053 | D:8      | Found an iron altar of Okawaru.
 10054 | D:8      | Found a shimmering blue altar of Sif Muna.
 10287 | D:8      | Noticed Maurice
 10395 | D:8      | Reached XP level 10. HP: 52/84 MP: 11/20
 10620 | D:8      | Killed Maurice
 10621 | D:8      | Reached skill level 5 in Long Blades
 10762 | D:8      | Found an ornate altar of the Wu Jian Council.
 10876 | D:8      | Found a glowing silver altar of Zin.
 11387 | D:9      | Found a snail-covered altar of Cheibriados.
 11904 | D:9      | Noticed a death knight
 11905 | D:9      | Noticed a skeletal warrior
 12111 | D:9      | Noticed a two-headed ogre
 12124 | D:9      | Killed a two-headed ogre
 12368 | D:9      | Noticed a two-headed ogre
 12389 | D:9      | Killed a two-headed ogre
 12946 | D:10     | Entered Level 10 of the Dungeon
 12967 | D:10     | Found a stormy altar of Qazlal.
 13221 | D:10     | Noticed an unseen horror
 13238 | D:10     | Killed an unseen horror
 13359 | D:10     | Reached skill level 8 in Spellcasting
 13359 | D:10     | Reached XP level 11. HP: 73/93 MP: 4/23
 13486 | D:10     | Reached skill level 1 in Fire Magic
 13624 | D:10     | Found a bloodstained altar of Trog.
 14038 | D:11     | Noticed a manticore
 14050 | D:11     | Killed a manticore
 14076 | D:11     | Killed from afar by an orc wizard

Illustrated notes

Levels and vault maps discovered:
D:1:      lemuel_arrival_muddy, layout_rooms, minmay_misc_feat_x
D:2:      layout_loops_corners, shapermc_ecumenical_altar_mp_vishouse,
          minmay_distorted
D:3:      layout_rooms, nemelex_spade_bored_becter, serial_curves,
          eino_curves_03, eino_curves_02, eino_curves_03, eino_curves_02,
          roderic_three_in_a_row
D:4:      layout_rooms, tso_metal_star, grunt_dithmenos_smoke_and_mirrors,
          kennysheep_generic_room_10, uniq_grinder, uniq_eustachio
D:5:      layout_cave_pods, minmay_temple_entry_ruins
D:6:      layout_cave_pools, gammafunk_ghost_split
D:7:      layout_basic, grunt_temple_overflow_growth_and_decay,
          uniq_prince_ribbit1, uniq_menkaure
D:8:      layout_basic, zin_academy, grunt_temple_overflow_open,
          pdpol_wu_jian_five_deadly_venoms, uniq_maggie, uniq_maurice
D:9:      layout_loops_cross, nicolae_uskayaw_dance_studio,
          mainiacjoe_overflow_six_doors_small, st_stairs_7
D:10:     layout_basic, trog_ov_bears_minmay, mainiacjoe_overflow_24_doors
D:11:     layout_roguey, grunt_lair_entry_orc_guard_hut, hiddenorc1_lemuel,
          centaur_isle
Temple:   pf_slimified_temple

Skill      XL: |  1  2  3  4  5  6  7  8  9 10 11 |
---------------+----------------------------------+-----
Spellcasting   | 4 5 6 7 8 |  8.2
Conjurations   | 2 3 4 5 6 |  6.2
Poison Magic   | 2 3 4 5 6 |  6.0
Armour         | 1 2 3 4 |  4.5
Dodging        | 2 3 |  3.4
Fighting       | 1 2 3 4 |  4.9
Air Magic      | 1 2 |  2.6
Evocations     | 1 |  1.8
Long Blades    | 1 2 4 6 |  6.7
Stealth        | 4 5 6 |  6.7
Translocations | 2 |  2.0
Fire Magic     | 1 |  1.1
Throwing       | |  0.4
Summonings     | |  1.0

Action                   |  1- 3 |  4- 6 |  7- 9 | 10-12 || total
-------------------------+-------+-------+-------+-------++-------
Melee: Dagger            |     1 |       |       |       ||     1
       Falchion          |       |    44 |   168 |       ||   212
       Punch             |       |     2 |     3 |     3 ||     8
       Unarmed           |       |       |     6 |       ||     6
       Long sword        |       |       |    10 |   127 ||   137
Throw: Dart              |       |       |     3 |       ||     3
       Throwing net      |       |       |     1 |       ||     1
 Cast: Magic Dart        |    87 |   119 |   188 |    63 ||   457
       Mephitic Cloud    |       |     4 |    25 |    18 ||    47
       Blink             |       |       |     2 |     3 ||     5
       Conjure Flame     |       |       |     2 |     7 ||     9
 Abil: Spit Poison       |     5 |    20 |    29 |     9 ||    63
Evoke: Wand              |       |    10 |     7 |     7 ||    24
  Use: Scroll            |       |     1 |     5 |     3 ||     9
       Potion            |       |       |       |     2 ||     2
 Stab: Confused          |       |       |     9 |     5 ||    14
       Held in net/web   |       |       |     2 |       ||     2
       Sleeping          |       |       |     1 |       ||     1
Armor: Robe              |     1 |       |       |       ||     1
       Leather armour    |       |    18 |    32 |       ||    50
       Skin              |       |       |     1 |       ||     1
       Swamp dragon scal |       |       |       |    66 ||    66
Dodge: Dodged            |     8 |    48 |   101 |   117 ||   274
